cohdb
Replays
Latest Replays
All Replays
Popular Replays
Top Player Replays
Match Explorer
How It Works
Community
CoH3 Stats
Reddit
Sign in to upload your games and track your stats! →
Sign in with Steam
Match 39002307
Unlisted
Match 39002307
Overview
Messages
Build Orders
End
Panzergrenadier Squad
Selects Battlefield Espionage Battlegroup
Selects Battlefield Espionage Battlegroup
Panzergrenadier Squad
250 Light Carrier
Construct Light Support Kompanie
MG34 Team
Fire Support Elements
Selects 250/3 Funkpanzerwagen
Flakvierling Half-track
Veteran Squad Leaders
Pak 38 Mechanized Group
2.5-tonne Medical Truck
Selects Intel Disruption Beacon
Selects Plunder
Construct Panzerarmee Kommand
Pak 38 Anti-tank Gun Team
Construct Panzerarmee Kommand
Armored Reserves
Selects Anti-Tank Incendiary Munitions
Panzer IV Assault Group
Pak 38 Anti-tank Gun Team
Selects Firestorm
dobRi3000
(◣✠◢) John1986 ✠
Général Couscous
Bruistablet
0
0
Comments
sign in to comment!
No comments posted yet!